 Dungeon Crawl Stone Soup version 0.30.0-13-g156ef70053 (webtiles) character file.

Game seed: 5651479133216874349

289 SnakkuSnakku7 the Shooter (level 6, 0/34 HPs)
             Began as a Tengu Hexslinger on May 17, 2023.
             Killed by divine providence
             ... invoked by an orc priest
              (12 damage)
             ... on level 3 of the Dungeon.
             The game lasted 00:03:09 (1686 turns).

SnakkuSnakku7 the Shooter (Tengu Hexslinger)        Turns: 1686, Time: 00:03:09

Health: 0/34       AC:  2    Str: 10    XL:     6   Next: 31%
Magic:  17/17      EV: 20    Int: 14    God:
Gold:   101        SH:  0    Dex: 18    Spells: 6/7 levels left

rFire   + . .        a - +1 sling
rCold   + . .        (no shield)
rNeg    . . .        c - +0 robe
rPois   .            (helmet restricted)
rElec   .            (no cloak)
rCorr   .            (no gloves)
SInv    .            (boots unavailable)
Will    .....        (no amulet)
Stlth   ++           e - +5 ring of evasion
HPRegen 0.25/turn    l - ring of Nudd {rF+ rC+ MP+9 Dex+2}
MPRegen 0.15/turn

%: no passive effects
@: flying quickly and evasively, studying Long Blades, quick
A: beak, talons 3, nimble flight
a: no special abilities


You were on level 3 of the Dungeon.
You visited 1 branch of the dungeon, and saw 4 of its levels.

You collected 101 gold pieces.

Inventory:

Hand Weapons
 a - a +1 sling (weapon)
Armour
 c - a +0 robe (worn)
Jewellery
 e - a +5 ring of evasion (left hand)
 l - the ring of Nudd (right hand) {rF+ rC+ MP+9 Dex+2}
   (You found it on level 4 of the Dungeon)

   [ring of magical power]

   Dex:       It affects your dexterity (+2).
   rF:        It protects you from fire.
   rC:        It protects you from cold.
   MP:        It affects your magic capacity (+9).
Scrolls
 b - a scroll of poison
 d - a scroll of immolation {unknown}
 f - 2 scrolls of identify {unknown}
 j - a scroll of enchant armour {unknown}
 k - 2 scrolls of vulnerability {unknown}
 o - a scroll of teleportation {unknown}
Potions
 h - a potion of degeneration {unknown}
 i - a potion of ambrosia {unknown}
 m - a potion of curing {unknown}
 n - a potion of haste {unknown}


   Skills:
 - Level 1.0 Fighting
 + Level 7.1 Ranged Weapons
 - Level 2.1 Dodging
 - Level 1.0 Spellcasting
 - Level 2.1 Hexes


You had 6 spell levels left.
You knew the following spells:

 Your Spells              Type           Power      Damage    Failure   Level
a - Slow                  Hex            24%        N/A       11%         1

Your spell library contained the following spells:

 Spells                   Type           Power      Damage    Failure   Level
 Foxfire                  Conj/Fire      0%         2x1d4     26%         1
 Inner Flame              Hex/Fire       3%         N/A       45%         3
 Portal Projectile        Hex/Tloc       6%         N/A       45%         3
 Cause Fear               Hex            3%         N/A       71%         4
 Fireball                 Conj/Fire      0%         3d3       100%        5
 Plasma Beam              Fire/Air       0%         2x1d11    100%        6
 Starburst                Conj/Fire      0%         6d3       100%        6


Dungeon Overview and Level Annotations

Branches:
Dungeon (4/15)
 Temple: D:4-7

Altars:
Trog

Shops:
D:1 ?

Annotations:
D:3 Grinder


Innate Abilities, Weirdness & Mutations

You have a beak for a mouth.
You have claws for feet.
Your magical nature lets you fly swiftly and evasively.


Message History

You shoot a sling bullet.
The sling bullet hits the orc priest but does no damage.
The orc priest is lightly wounded.
The orc misses you.
The orc priest mumbles some strange prayers to Beogh against you.
Pain shoots through your body!
Unknown command.
You shoot a sling bullet. The sling bullet hits the orc priest.
The orc priest is moderately wounded.
The orc barely misses you.
The orc priest calls down the wrath of Beogh upon you.
Pain shoots through your body!
* * * LOW HITPOINT WARNING * * *
You shoot a sling bullet. The sling bullet hits the orc priest.
The orc priest is heavily wounded.
The orc completely misses you. The orc priest misses you.
Unknown command.
It was a potion of heal wounds.
You feel much better. The orc completely misses you.
The orc priest closely misses you.
You shoot a sling bullet.
The sling bullet hits the orc priest but does no damage.
The orc priest is heavily wounded.
The orc hits you with a +0 dagger. The orc priest barely misses you.
You shoot a sling bullet. The sling bullet hits the orc priest.
The orc priest is almost dead.
The orc hits you with a +0 dagger. The orc priest completely misses you.
You shoot a sling bullet. The sling bullet hits the orc priest.
The orc priest is almost dead.
The orc hits you with a +0 dagger. The orc priest closely misses you.
You shoot a sling bullet.
The sling bullet hits the orc priest but does no damage.
The orc priest is almost dead.
The orc misses you.
The orc priest invokes the aid of Beogh against you.
Beogh smites you!
You shoot a sling bullet.
The sling bullet closely misses the orc priest.
The orc priest mumbles some strange prayers to Beogh against you.
Beogh smites you!
You die...

#...#..#.#...#.#..#.#
###.#.'##†.#._.#.'##'.#
....###..#.#...#.#..#.#
#######.†#.+...+.#..#.#
.'..+###+###'..+.# .##.
#..#.......#..###
.....#..#..)†...#..#
.....###'###+###o###
.............oo@.#
(.....#)..########
.......>#.##
....)......#
...####....# ...#
#....#### ....#
#.......# .# ####.##.#
.# #o.# #


You could see an orc priest and 2 orcs.

Vanquished Creatures
  A scorpion (D:4)
  2 jellies (D:4)
  A hound (D:4)
  2 orc wizards (D:4)
  3 adders (D:4)
  2 dart slugs
  13 orcs
  3 bats
  5 endoplasms
  2 giant cockroaches
  4 goblins
  8 hobgoblins
  4 kobolds
  2 quokkas (D:1)
  4 ball pythons
  3 frilled lizards (D:1)
  3 rats
62 creatures vanquished.

Notes
Turn   | Place    | Note
-------+----------+-------------------------------------------
     0 | D:1      | SnakkuSnakku7 the Tengu Hexslinger began the quest for the
                  | Orb.
     0 | D:1      | Reached XP level 1. HP: 12/12 MP: 3/3
    39 | D:1      | Found Etioga's Magic Scroll Shop.
    72 | D:1      | Reached XP level 2. HP: 16/16 MP: 4/4
    95 | D:1      | Reached skill level 3 in Ranged Weapons
   433 | D:1      | Reached XP level 3. HP: 17/20 MP: 5/5
   600 | D:2      | You fall into a shaft and drop 2 floors!
   636 | D:4      | Reached skill level 4 in Ranged Weapons
   694 | D:4      | Reached XP level 4. HP: 25/25 MP: 6/6
   728 | D:4      | Reached skill level 5 in Ranged Weapons
   749 | D:4      | Identified the ring of Nudd {rF+ rC+ MP+9 Dex+2}
   875 | D:4      | Gained mutation: Your magical nature lets you fly swiftly
                  | and evasively. [Tengu growth]
   875 | D:4      | Reached XP level 5. HP: 29/29 MP: 7/7
   893 | D:4      | Reached skill level 6 in Ranged Weapons
  1014 | D:3      | Noticed Grinder
  1351 | D:4      | Reached XP level 6. HP: 28/34 MP: 8/8
  1414 | D:4      | Reached skill level 7 in Ranged Weapons
  1589 | D:3      | Found a bloodstained altar of Trog.
  1686 | D:3      | Killed from afar by an orc priest

Illustrated notes

Levels and vault maps discovered:
D:1:      lightli_iron_boxes, layout_basic, serial_shops, shop
D:2:      layout_basic, chequers_ecumenical_altar_island, basic_altar
D:3:      layout_basic, gammafunk_temple_overflow_pools,
          mainiacjoe_overflow_24_doors, minivault_24, uniq_grinder
D:4:      layout_gridville, minmay_manual_mail

Skill      XL: |  1  2  3  4  5  6 |
---------------+-------------------+-----
Ranged Weapons | 3 4 5 6 7 |  7.1
Fighting       | |  1.0
Dodging        | |  2.1
Spellcasting   | |  1.0
Hexes          | |  2.1

Action                     |  1- 3 |  4- 6 || total
---------------------------+-------+-------++-------
   Fire: Sling             |    78 |   130 ||   208
    Use: Potion            |       |     1 ||     1
 Armour: Robe              |     4 |     5 ||     9
  Dodge: Dodged            |    26 |    74 ||   100
